 Dungeon Crawl Stone Soup version 0.29-a0-8-g0446c0dae4 (webtiles) character file.

Game seed: 13100986010435508371

793 kae the Ruffian (level 7, -12/57 HPs)
             Began as a White Draconian Transmuter on Jan 27, 2022.
             Mangled by Harold (14 damage)
             ... on level 7 of the Dungeon.
             The game lasted 00:04:19 (6059 turns).

kae the Ruffian (White Draconian Transmuter)        Turns: 6059, Time: 00:04:19

Health: -12/57     AC:  2    Str: 13    XL:     7   Next: 57%
Magic:  9/11       EV: 20    Int: 15    God:
Gold:   188        SH:  0    Dex: 18    Spells: 4/12 levels left

rFire   . . .      SeeInvis .     - Unarmed
rCold   . . .      Faith    .   (shield currently unavailable)
rNeg    . . .      Spirit   .   (armour unavailable)
rPois   .          Reflect  .   (helmet currently unavailable)
rElec   .          Harm     .   (cloak currently unavailable)
rCorr   .          Rampage  .   (gloves currently unavailable)
Will    .....                   (boots currently unavailable)
Stlth   ++........              (no amulet)
HPRegen 0.19/turn               a - ring of poison resistance
MPRegen 0.12/turn               (no ring)

@: spider-form (expiring)
A: venomous fangs, (breathe frost), AC +6, tiny, unfitting armour, (cold
resistance 1), (cold-blooded), (stinger 1), agile 1
a: End Transformation


You were on level 7 of the Dungeon.
You were a venomous arachnid creature.
You visited 1 branch of the dungeon, and saw 5 of its levels.

You collected 188 gold pieces.

Inventory:

Armour
 f - a +0 cloak (melded)
Jewellery
 a - a ring of poison resistance (left front leg)
Wands
 d - a wand of flame (11)
 h - a wand of charming (7)
 k - a wand of iceblast (9)
Scrolls
 c - a scroll of immolation
 i - a scroll of blinking
 j - 2 scrolls of fear
 l - a scroll of teleportation
Potions
 b - a potion of curing
 e - a potion of attraction
 m - a potion of lignification {unknown}


   Skills:
 + Level 3.2 Fighting
 + Level 3.0 Dodging
 * Level 5.0 Unarmed Combat
 + Level 3.2 Spellcasting
 * Level 4.3 Transmutations
 * Level 3.5 Ice Magic
 - Level 2.0 Poison Magic


You had 4 spell levels left.
You knew the following spells:

 Your Spells              Type           Power      Damage    Failure   Level
a - Beastly Appendage     Tmut           30%        N/A       11%         1
b - Spider Form           Tmut/Pois      11%        N/A       34%         3
c - Ice Form              Ice/Tmut       14%        N/A       58%         4

Your spell library contained the following spells:

 Spells                   Type           Power      Damage    Failure   Level
 Wereblood                Tmut           15%        N/A       14%         2
 Ozocubu's Armour         Ice            12%        N/A       32%         3
 Stone Arrow              Conj/Erth      4%         3d7       73%         3
 Hailstorm                Conj/Ice       7%         3d4       85%         4
 Blade Hands              Tmut           7%         N/A       85%         5
 Irradiate                Conj/Tmut      4%         3d15      98%         5
 Metabolic Englaciation   Hex/Ice        3%         N/A       99%         5
 Simulacrum               Ice/Necr       3%         N/A       100%        6
 Dragon Form              Tmut           7%         N/A       100%        7
 Lehudib's Crystal Spear  Conj/Erth      1%         10d2      100%        8
 Animate Armour           Summ/Erth      Unusable   N/A       N/A         4

Dungeon Overview and Level Annotations

Branches:
Dungeon (4/15)
 Temple: D:4-7

Altars:
Hepliaklqana
Makhleb
Yredelemnul

Annotations:
D:7 Harold


Innate Abilities, Weirdness & Mutations

You are a venomous arachnid creature.
You have poisonous fangs.
You are tiny and dextrous.
Your spellcasting is less reliable in this form.
Your armour is entirely melded.
You are incapable of wielding weapons or throwing items.
((You can breathe waves of freezing cold which knock back foes.))
((Your icy white scales are hard. (AC +6)))
You cannot fit into any form of body armour.
((Your flesh is cold resistant. (rC+)))
((You are cold-blooded and may be slowed by cold attacks.))
((Your tail ends in a venomous barb.))
You are agile. (Dex +2)


Message History

A kobold is nearby!
A kobold is nearby!
A kobold is nearby!
Casting: Ice Form (quite dangerous; 36% risk of failure)
Confirm with . or Enter, or press ? or * to list all spells.
The spell is quite dangerous to miscast (36% risk of failure)!
Continue anyway? [Y]es or [N]o only, please.
The spell is quite dangerous to miscast (36% risk of failure)!
Continue anyway?
Okay, then.
Casting: Ice Form (quite dangerous; 36% risk of failure)
Confirm with . or Enter, or press ? or * to list all spells.
You turn into a venomous arachnid creature.
Your +0 cloak melds into your body.
Your transformation is almost over.
The kobold throws a stone.
The stone hits you.
The kobold throws a stone.
The stone closely misses you.
A sourceless malevolence fills the Dungeon...
You fall into a shaft and drop 3 floors!
The shaft crumbles and collapses.
Harold the Weathered comes into view.
He is wielding a +0 vorpal flail.
Harold shouts!
Found a club and a scroll of identify.
Unknown command.
You hit Harold.
Harold is poisoned.
Harold is lightly wounded.
It was a potion of mutation.
You feel extremely strange.
A venomous barb forms on the end of your tail.
You feel agile. Harold barely misses you.
You hit Harold.
Harold looks as sick as possible!
Harold is lightly wounded.
Harold hits you with a +0 vorpal flail!!
You hit Harold but do no damage.
Harold is moderately wounded.
Harold hits you with a +0 vorpal flail!!
* * * LOW HITPOINT WARNING * * *
x2 You hit Harold.
Harold looks as sick as possible!
Harold is moderately wounded.
Harold hits you with a +0 vorpal flail!
You die...

### .. #.
##.###.########
.......s@).....
##.#.###.######
.# .. ?## .# .#
..


You could see Harold (extremely poisoned).

Vanquished Creatures
  A wyvern (D:3)
  Duvessa (D:4)
  An ogre (D:4)
  A water moccasin zombie (D:3)
  Dowan (D:4)
  3 wights (D:4)
  Crazy Yiuf (D:3)
  Natasha (thrice) (D:2)
  Terence (D:3)
  Robin (D:2)
  A gnoll (D:1)
  2 adders
  A white imp (D:4)
  A worm (D:3)
  2 orcs (D:3)
  3 ball pythons
  2 bats
  8 endoplasms
  2 giant cockroaches
  11 goblins
  7 hobgoblins
  3 jackals (D:1)
  4 kobolds
  2 quokkas (D:1)
  4 frilled lizards
  4 rats
71 creatures vanquished.

Vanquished Creatures (others)
  3 fungi (D:3)
  A plant (D:1)
4 creatures vanquished.

Grand Total: 75 creatures vanquished

Notes
Turn   | Place    | Note
-------+----------+-------------------------------------------
     0 | D:1      | kae the Draconian Transmuter began the quest for the Orb.
     0 | D:1      | Reached XP level 1. HP: 16/16 MP: 3/3
   439 | D:1      | Reached XP level 2. HP: 23/23 MP: 3/5
   731 | D:1      | Found a faded altar of an unknown god.
   953 | D:1      | Reached XP level 3. HP: 6/28 MP: 4/6
  1830 | D:2      | Learned a level 3 spell: Spider Form
  1896 | D:2      | Noticed Robin
  2053 | D:2      | Killed Robin
  2256 | D:2      | Noticed Natasha
  2271 | D:2      | Killed Natasha
  2272 | D:2      | Reached skill level 1 in Poison Magic
  2272 | D:2      | Reached XP level 4. HP: 2/36 MP: 7/7
  2552 | D:2      | Noticed Natasha
  2562 | D:2      | Killed Natasha
  2803 | D:2      | Noticed Natasha
  3074 | D:2      | Killed Natasha
  3075 | D:2      | Reached XP level 5. HP: 32/41 MP: 4/8
  3218 | D:2      | Learned a level 4 spell: Ice Form
  3484 | D:3      | Reached skill level 4 in Unarmed Combat
  3717 | D:3      | Noticed Terence
  3725 | D:3      | Killed Terence
  4030 | D:3      | Found a runed translucent door.
  4031 | D:3      | Noticed Crazy Yiuf
  4096 | D:4      | Found a hazy altar of Hepliaklqana.
  4124 | D:4      | Found a burning altar of Makhleb.
  4136 | D:4      | Found a basalt altar of Yredelemnul.
  4139 | D:4      | Found the +5 demon whip "Spellbinder" {antimagic, Will+}
  4164 | D:4      | Noticed Dowan
  4167 | D:4      | Noticed Duvessa
  4170 | D:4      | Reached skill level 1 in Ice Magic
  4296 | D:4      | Noticed a wyvern
  4427 | D:3      | Killed a wyvern
  4428 | D:3      | Reached XP level 6. HP: 50/50 MP: 4/10
  4774 | D:3      | Killed Crazy Yiuf
  5150 | D:4      | Your scales start taking on an icy white colour.
  5150 | D:4      | Reached XP level 7. HP: 50/56 MP: 7/11
  5150 | D:4      | Gained mutation: Your flesh is cold resistant. (rC+) [White
                  | Draconian growth]
  5446 | D:4      | Killed Dowan
  5762 | D:4      | Killed Duvessa
  5763 | D:4      | Reached skill level 5 in Unarmed Combat
  6054 | D:4      | You fall into a shaft and drop 3 floors!
  6054 | D:7      | Noticed Harold
  6056 | D:7      | Gained mutation: Your tail ends in a venomous barb. [potion
                  | of mutation]
  6056 | D:7      | Gained mutation: You are agile. (Dex +2) [potion of
                  | mutation]
  6058 | D:7      | HP: 2/57 [Harold (3)]
  6059 | D:7      | Mangled by Harold

Illustrated notes

Levels and vault maps discovered:
D:1:      psy_arrival_spokes, layout_loops_ring, serial_forest,
          infiniplex_forest_end_2, infiniplex_forest_lined_2,
          infiniplex_forest_end_2, infiniplex_forest_3_way,
          infiniplex_forest_clump_diagonal, infiniplex_forest_straight_2,
          infiniplex_forest_end_2, infiniplex_forest_straight_2,
          shapermc_ecumenical_altar_hornbeckon, nicolae_grassy_gnolls
D:2:      layout_rooms, uniq_natasha, uniq_robin
D:3:      layout_basic, kennysheep_decorative_pillar, serial_park_tiny_pond,
          uniq_terence, uniq_crazy_yiuf_cottage
D:4:      nicolae_cairo_tiling_large_dashed, layout_loops_ring,
          grunt_temple_overflow_open, mainiacjoe_overflow_chevrons, minivault_5,
          uniq_duvessa
D:7:      layout_loops_ring, uniq_harold

Skill      XL: |  1  2  3  4  5  6  7 |
---------------+----------------------+-----
Dodging        | 2 3 |  3.0
Fighting       | 2 3 |  3.2
Poison Magic   | 1 2 |  2.0
Transmutations | 3 4 |  4.3
Unarmed Combat | 4 5 |  5.0
Ice Magic      | 1 2 3 |  3.5
Spellcasting   | 3 |  3.2

Action                   |  1- 3 |  4- 6 |  7- 9 || total
-------------------------+-------+-------+-------++-------
Melee: Unarmed           |    95 |    93 |    36 ||   224
       Kick              |    17 |    11 |       ||    28
       Tailslap          |     9 |     5 |       ||    14
       Headbutt          |     7 |     7 |       ||    14
       Punch             |       |     3 |       ||     3
 Cast: Beastly Appendage |    24 |    18 |       ||    42
       Spider Form       |     2 |     7 |     2 ||    11
       Ice Form          |       |     2 |     3 ||     5
  Use: Scroll            |     3 |     4 |     1 ||     8
       Potion            |       |     1 |     1 ||     2
Armor: Skin              |    18 |    12 |     2 ||    32
Dodge: Dodged            |    69 |    65 |    17 ||   151

Table legend: (Time is in decaauts)
 A = Elapsed time spent in this place.
 B = Non-inter-level travel time spent in this place.
 C = Inter-level travel time spent in this place.
 D = Time resting spent in this place.
 E = Time spent auto-exploring this place.
 F = Levels seen in this place.
 G = Mean time per level.
                   A        B        C        D        E       F      G
               +--------+--------+--------+--------+--------+-----+--------+
         Total |   6066 |   5931 |    135 |   1667 |   3550 |   5 | 1213.2 |
       Dungeon |   6066 |   5931 |    135 |   1667 |   3550 |   5 | 1213.2 |
               +--------+--------+--------+--------+--------+-----+--------+

Top non-repeatable levels by time:
     D:3: 2119 daAuts
     D:1: 1970 daAuts
     D:2: 1032 daAuts
     D:4: 938 daAuts
     D:7: 4 daAuts
